TOP OF THE 1ST |
Westwood Sixshooters batting - Pitching for San Antonio BC : RHP Kyeong-min Ki
|
Pitching: RHP Kyeong-min Ki
|
|
Batting: RHB Manuel Becerra
|
0-0: Ball 1-0: Fly out, F5 (Line Drive, 56)
|
Batting: RHB Jorge Alderete
|
0-0: Called Strike 0-1: Ball 1-1: Called Strike 1-2: Ball 2-2: Ball 3-2: SINGLE (Flyball, 8RS)
|
Batting: RHB Wes Shannon
|
0-0: Ball 1-0: SINGLE (Line Drive, 7S) Jorge Alderete to second
|
Batting: RHB Ronnie Cleveland
|
0-0: Ball 1-0: Called Strike 1-1: Called Strike 1-2: Strikes out swinging
|
Batting: LHB José Martínez
|
0-0: Ball 1-0: Foul Ball, location: 2F 1-1: Ball 2-1: Ball 3-1: SINGLE (Line Drive, 4M) Jorge Alderete to third Wes Shannon to second Runner from 3rd tries for Home, SAFE, throw made at trailing runner, SAFE at third!
|
Batting: RHB Aurelio García
|
0-0: Called Strike 0-1: Ball 1-1: Fly out, F3 (Popup, 3F)
|
Top of the 1st over - 1 run(s), 3 hit(s), 0 error(s), 2 left on base; Westwood 1 - San Antonio 0 |
BOTTOM OF THE 1ST |
San Antonio BC batting - Pitching for Westwood Sixshooters : RHP Jorge Carrión
|
Pitching: RHP Jorge Carrión
|
|
Batting: LHB Miguel García
|
0-0: Foul Ball, location: 2F 0-1: Foul Ball, location: 2F 0-2: Strikes out swinging
|
Batting: LHB Enrique Sánchez
|
0-0: Called Strike 0-1: SINGLE (Groundball, 4M)
|
Batting: RHB Alfredo Rivera
|
0-0: Ball 1-0: Ball 2-0: Ball 3-0: Foul Ball, location: 2F 3-1: Base on Balls Enrique Sánchez to second
|
Batting: RHB Jeff Green
|
0-0: Ball 1-0: Swinging Strike 1-1: Ball 2-1: Called Strike 2-2: Ball 3-2: Base on Balls Enrique Sánchez to third Alfredo Rivera to second
|
Batting: RHB Orlando Padilla
|
0-0: Ball 1-0: Foul Ball, location: 2F 1-1: Ball 2-1: Ball 3-1: Base on Balls Enrique Sánchez scores Alfredo Rivera to third Jeff Green to second
|
Batting: RHB Alfredo Mojica
|
0-0: Called Strike 0-1: Ball 1-1: Ball 2-1: Foul Ball, location: 2F 2-2: Ball 3-2: Base on Balls Alfredo Rivera scores Jeff Green to third Orlando Padilla to second
|
Batting: RHB Martín Álvarez
|
0-0: Ball 1-0: Ball 2-0: Foul Ball, location: 2F 2-1: Fly out, F8 (Flyball, 8RM)
|
Batting: RHB Dennis Morrow
|
0-0: Ball 1-0: Ball 2-0: Ball 3-0: Base on Balls Jeff Green scores Orlando Padilla to third Alfredo Mojica to second
|
Batting: LHB Álex Ramírez
|
0-0: Foul Ball, location: 2F 0-1: Ball 1-1: Called Strike 1-2: Ball 2-2: Ball 3-2: Ground out 4-3 (Groundball, 4)
|
Bottom of the 1st over - 3 run(s), 1 hit(s), 0 error(s), 3 left on base; Westwood 1 - San Antonio 3 |
TOP OF THE 2ND |
Westwood Sixshooters batting - Pitching for San Antonio BC : RHP Kyeong-min Ki
|
Batting: RHB Jorge Morales
|
0-0: Ball 1-0: DOUBLE (Flyball, 8RD)
|
Batting: RHB Jeremiah Howard
|
0-0: Foul Ball, location: 2F 0-1: Swinging Strike 0-2: Strikes out looking
|
Batting: RHB Richard Hicks
|
0-0: Called Strike 0-1: Called Strike 0-2: Strikes out swinging
|
Batting: RHB Manuel Becerra
|
0-0: Swinging Strike 0-1: Ball 1-1: Foul Ball, location: 2F 1-2: Ball 2-2: Foul Ball, location: 2F 2-2: Ball 3-2: Base on Balls
|
Batting: RHB Jorge Alderete
|
0-0: Ball 1-0: Ball 2-0: Fielders Choice at 2nd, U6 (Groundball, 6M)
|
Top of the 2nd over - 0 run(s), 1 hit(s), 0 error(s), 2 left on base; Westwood 1 - San Antonio 3 |
BOTTOM OF THE 2ND |
San Antonio BC batting - Pitching for Westwood Sixshooters : RHP Jorge Carrión
|
Batting: LHB Miguel García
|
0-0: Called Strike 0-1: Ball 1-1: Foul Ball, location: 2F 1-2: Strikes out swinging
|
Batting: LHB Enrique Sánchez
|
0-0: Called Strike 0-1: Ball 1-1: Called Strike 1-2: Foul Ball, location: 2F 1-2: Strikes out swinging
|
Batting: RHB Alfredo Rivera
|
0-0: Foul Ball, location: 2F 0-1: Ball 1-1: Ground out 6-3 (Groundball, 6)
|
Bottom of the 2nd over - 0 run(s), 0 hit(s), 0 error(s), 0 left on base; Westwood 1 - San Antonio 3 |
TOP OF THE 3RD |
Westwood Sixshooters batting - Pitching for San Antonio BC : RHP Kyeong-min Ki
|
Batting: RHB Wes Shannon
|
0-0: Called Strike 0-1: Ball 1-1: Ball 2-1: SINGLE (Groundball, 34)
|
Batting: RHB Ronnie Cleveland
|
0-0: Grounds into double play, 5-4-3 (Groundball, 56)
|
Batting: LHB José Martínez
|
0-0: Called Strike 0-1: Fly out, F7 (Flyball, 7S)
|
Top of the 3rd over - 0 run(s), 1 hit(s), 0 error(s), 0 left on base; Westwood 1 - San Antonio 3 |
BOTTOM OF THE 3RD |
San Antonio BC batting - Pitching for Westwood Sixshooters : RHP Jorge Carrión
|
Batting: RHB Jeff Green
|
0-0: Ball 1-0: Ball 2-0: Called Strike 2-1: Ball 3-1: Foul Ball, location: 2F 3-2: Foul Ball, location: 2F 3-2: Base on Balls
|
Batting: RHB Orlando Padilla
|
0-0: Called Strike 0-1: Called Strike 0-2: Ball 1-2: Strikes out looking
|
Batting: RHB Alfredo Mojica
|
0-0: Grounds into double play, 6-4-3 (Groundball, 6)
|
Bottom of the 3rd over - 0 run(s), 0 hit(s), 0 error(s), 0 left on base; Westwood 1 - San Antonio 3 |
TOP OF THE 4TH |
Westwood Sixshooters batting - Pitching for San Antonio BC : RHP Kyeong-min Ki
|
Batting: RHB Aurelio García
|
0-0: Ball 1-0: Ball 2-0: Ground out 5-3 (Groundball, 56)
|
Batting: RHB Jorge Morales
|
0-0: Ball 1-0: Foul Ball, location: 2F 1-1: Foul Ball, location: 2F 1-2: Ball 2-2: Ground out 3-1 (Groundball, 4S)
|
Batting: RHB Jeremiah Howard
|
0-0: Called Strike 0-1: Called Strike 0-2: Ball 1-2: Ball 2-2: Foul Ball, location: 2F 2-2: Ball 3-2: Strikes out swinging
|
Top of the 4th over - 0 run(s), 0 hit(s), 0 error(s), 0 left on base; Westwood 1 - San Antonio 3 |
BOTTOM OF THE 4TH |
San Antonio BC batting - Pitching for Westwood Sixshooters : RHP Jorge Carrión
|
Batting: RHB Martín Álvarez
|
0-0: Ball 1-0: Fly out, F8 (Flyball, 8LM)
|
Batting: RHB Dennis Morrow
|
0-0: Ball 1-0: Called Strike 1-1: Fly out, F9 (Flyball, 89M)
|
Batting: LHB Álex Ramírez
|
0-0: Called Strike 0-1: Ground out U3 (Groundball, 3)
|
Bottom of the 4th over - 0 run(s), 0 hit(s), 0 error(s), 0 left on base; Westwood 1 - San Antonio 3 |
TOP OF THE 5TH |
Westwood Sixshooters batting - Pitching for San Antonio BC : RHP Kyeong-min Ki
|
Batting: RHB Richard Hicks
|
0-0: Ball 1-0: Ball 2-0: Called Strike 2-1: Ground out U3 (Groundball, 3L)
|
Batting: RHB Manuel Becerra
|
0-0: Called Strike 0-1: Ball 1-1: Foul Ball, location: 2F 1-2: Ball 2-2: Foul Ball, location: 2F 2-2: Foul Ball, location: 2F 2-2: Fly out, F7 (Flyball, 78M)
|
Batting: RHB Jorge Alderete
|
0-0: Ball 1-0: Ball 2-0: Ball 3-0: Called Strike 3-1: Base on Balls
|
Batting: RHB Wes Shannon
|
0-0: Called Strike 0-1: Called Strike Jorge Alderete steals 2nd base 0-2: Ball 1-2: Ball 2-2: Strikes out swinging
|
Top of the 5th over - 0 run(s), 0 hit(s), 0 error(s), 1 left on base; Westwood 1 - San Antonio 3 |
BOTTOM OF THE 5TH |
San Antonio BC batting - Pitching for Westwood Sixshooters : RHP Jorge Carrión
|
Batting: LHB Miguel García
|
0-0: Called Strike 0-1: Ball 1-1: Foul Ball, location: 2F 1-2: Ball 2-2: Fly out, F9 (Flyball, 9M)
|
Batting: LHB Enrique Sánchez
|
0-0: Called Strike 0-1: Swinging Strike 0-2: Ball 1-2: Strikes out swinging
|
Batting: RHB Alfredo Rivera
|
0-0: Called Strike 0-1: Foul Ball, location: 2F 0-2: Ball 1-2: Strikes out swinging
|
Bottom of the 5th over - 0 run(s), 0 hit(s), 0 error(s), 0 left on base; Westwood 1 - San Antonio 3 |
TOP OF THE 6TH |
Westwood Sixshooters batting - Pitching for San Antonio BC : RHP Kyeong-min Ki
|
Batting: RHB Ronnie Cleveland
|
0-0: Ball 1-0: Swinging Strike 1-1: Foul Ball, location: 2F 1-2: Ball 2-2: Foul Ball, location: 2F 2-2: Strikes out swinging
|
Batting: LHB José Martínez
|
0-0: SINGLE (Groundball, 34S)
|
Batting: RHB Aurelio García
|
0-0: Foul Ball, location: 2F 0-1: Called Strike 0-2: Ball 1-2: Ball 2-2: Grounds into double play, 6-4-3 (Groundball, 6)
|
Top of the 6th over - 0 run(s), 1 hit(s), 0 error(s), 0 left on base; Westwood 1 - San Antonio 3 |
BOTTOM OF THE 6TH |
San Antonio BC batting - Pitching for Westwood Sixshooters : RHP Jorge Carrión
|
Batting: RHB Jeff Green
|
0-0: Ball 1-0: Hit by Pitch
|
Batting: RHB Orlando Padilla
|
0-0: Ball 1-0: Called Strike 1-1: Ball 2-1: Ball 3-1: Base on Balls Jeff Green to second
|
Batting: RHB Alfredo Mojica
|
0-0: Bunt missed! 0-1: Bunted foul 0-2: Ball 1-2: Foul Ball, location: 2F 1-2: Ball 2-2: Ball 3-2: Base on Balls Jeff Green to third Orlando Padilla to second
|
Pitching: RHP John Tanner
|
|
Batting: RHB Martín Álvarez
|
0-0: Called Strike 0-1: Grounds into fielders choice 6-2 (Groundball, 6) Orlando Padilla to third Alfredo Mojica to second
|
Batting: RHB Dennis Morrow
|
0-0: Ball 1-0: SINGLE (Flyball, 9S) Orlando Padilla scores Alfredo Mojica to third Martín Álvarez to second Runner from 3rd tries for Home, SAFE, throw made at trailing runner, OUT at third!
|
Batting: LHB Álex Ramírez
|
0-0: DOUBLE (Line Drive, 6D) Dennis Morrow to third
|
Batting: LHB Miguel García
|
0-0: Called Strike 0-1: Ball 1-1: Foul Ball, location: 2F 1-2: Foul Ball, location: 2F 1-2: Ground out 5-3 (Groundball, 56S)
|
Bottom of the 6th over - 2 run(s), 2 hit(s), 0 error(s), 2 left on base; Westwood 1 - San Antonio 5 |
TOP OF THE 7TH |
Westwood Sixshooters batting - Pitching for San Antonio BC : RHP Kyeong-min Ki
|
Batting: RHB Jorge Morales
|
0-0: Ball 1-0: Ball 2-0: Fly out, F4 (Line Drive, 4M)
|
Batting: RHB Jeremiah Howard
|
0-0: Ball 1-0: Ground out 5-3 (Groundball, 56S)
|
Batting: RHB Richard Hicks
|
0-0: SINGLE (Line Drive, 89S)
|
Batting: RHB Manuel Becerra
|
0-0: Ball 1-0: Foul Ball, location: 2F 1-1: Fly out, F7 (Line Drive, 78S)
|
Top of the 7th over - 0 run(s), 1 hit(s), 0 error(s), 1 left on base; Westwood 1 - San Antonio 5 |
BOTTOM OF THE 7TH |
San Antonio BC batting - Pitching for Westwood Sixshooters : RHP John Tanner
|
Batting: LHB Enrique Sánchez
|
0-0: Called Strike 0-1: Ball 1-1: Ball 2-1: Foul Ball, location: 2F 2-2: Strikes out looking
|
Batting: RHB Alfredo Rivera
|
0-0: Ball 1-0: Foul Ball, location: 2F 1-1: Swinging Strike 1-2: Foul Ball, location: 2F 1-2: Strikes out swinging
|
Batting: RHB Jeff Green
|
0-0: SINGLE (Line Drive, 6MD)
|
Batting: RHB Orlando Padilla
|
0-0: Ball 1-0: Fielders Choice at 2nd, 5-4 (Groundball, 5)
|
Bottom of the 7th over - 0 run(s), 1 hit(s), 0 error(s), 0 left on base; Westwood 1 - San Antonio 5 |
TOP OF THE 8TH |
Westwood Sixshooters batting - Pitching for San Antonio BC : RHP Kyeong-min Ki
|
Batting: RHB Jorge Alderete
|
0-0: Ball 1-0: Called Strike 1-1: Ball 2-1: Swinging Strike 2-2: Ball 3-2: Fly out, F5 (Popup, 5S)
|
Pitching: LHP Stanton Miranda
|
|
Batting: RHB Wes Shannon
|
0-0: Ball 1-0: Foul Ball, location: 2F 1-1: Called Strike 1-2: SINGLE (Groundball, 6MD)
|
Batting: RHB Ronnie Cleveland
|
0-0: Swinging Strike 0-1: Swinging Strike 0-2: Ball 1-2: Ball 2-2: Foul Ball, location: 2F 2-2: Ball 3-2: Fly out, F7 (Flyball, 7S)
|
Batting: LHB José Martínez
|
0-0: Ball 1-0: Called Strike 1-1: Ground out 4-3 (Groundball, 4)
|
Top of the 8th over - 0 run(s), 1 hit(s), 0 error(s), 1 left on base; Westwood 1 - San Antonio 5 |
BOTTOM OF THE 8TH |
San Antonio BC batting - Pitching for Westwood Sixshooters : RHP John Tanner
|
Batting: RHB Alfredo Mojica
|
0-0: Foul Ball, location: 2F 0-1: Ball 1-1: Fly out, F8 (Flyball, 8RD)
|
Batting: RHB Martín Álvarez
|
0-0: Ball 1-0: Ball 2-0: Called Strike 2-1: Called Strike 2-2: Ball 3-2: Foul Ball, location: 2F 3-2: Ground out 5-3 (Groundball, 56)
|
Batting: RHB Dennis Morrow
|
0-0: Foul Ball, location: 2F 0-1: Ball 1-1: Ball 2-1: Ball 3-1: Base on Balls
|
Batting: LHB Álex Ramírez
|
0-0: Ball 1-0: Ball 2-0: Called Strike 2-1: Foul Ball, location: 2F 2-2: Foul Ball, location: 2F 2-2: Ball 3-2: Base on Balls Dennis Morrow to second
|
Batting: LHB Miguel García
|
0-0: Called Strike 0-1: Ball 1-1: Called Strike 1-2: Fly out, F8 (Flyball, 89M)
|
Bottom of the 8th over - 0 run(s), 0 hit(s), 0 error(s), 2 left on base; Westwood 1 - San Antonio 5 |
TOP OF THE 9TH |
Westwood Sixshooters batting - Pitching for San Antonio BC : LHP Stanton Miranda
|
Pitching: RHP Adam Green
|
|
Batting: RHB Aurelio García
|
0-0: Ball 1-0: Ball 2-0: Swinging Strike 2-1: Ball 3-1: Base on Balls
|
Batting: RHB Jorge Morales
|
0-0: Ball 1-0: Ball 2-0: Ball 3-0: Called Strike 3-1: Fly out, F3 (Popup, 3F)
|
Batting: RHB Jeremiah Howard
|
0-0: Ball 1-0: SINGLE (Groundball, 56) Aurelio García to second
|
Batting: RHB Richard Hicks
|
0-0: Ground out 5-3 (Groundball, 5S) Aurelio García to third Jeremiah Howard to second
|
Batting: RHB Manuel Becerra
|
0-0: Ball 1-0: Ball 2-0: Called Strike 2-1: Ball 3-1: Base on Balls
|
Pinch Hitting: RHB Jason Boyer
|
0-0: Ball 1-0: Ball 2-0: Ball 3-0: Base on Balls Aurelio García scores Jeremiah Howard to third Manuel Becerra to second
|
Batting: RHB Wes Shannon
|
0-0: Ball 1-0: Foul Ball, location: 2F 1-1: Ball 2-1: Foul Ball, location: 2F 2-2: Ball 3-2: Base on Balls Jeremiah Howard scores Manuel Becerra to third Jason Boyer to second
|
Batting: RHB Ronnie Cleveland
|
0-0: Ball 1-0: Swinging Strike 1-1: Swinging Strike 1-2: Ball 2-2: Ball 3-2: Foul Ball, location: 2F 3-2: Foul Ball, location: 2F 3-2: Foul Ball, location: 2F 3-2: Base on Balls Manuel Becerra scores Jason Boyer to third Wes Shannon to second
|
Pitching: RHP Ken Stewart
|
|
Batting: LHB José Martínez
|
0-0: Foul Ball, location: 2F 0-1: Fielders Choice at 2nd, U4 (Groundball, 4M)
|
Top of the 9th over - 3 run(s), 1 hit(s), 0 error(s), 3 left on base; Westwood 4 - San Antonio 5 |
|